 Dungeon Crawl Stone Soup version 0.31-a0-1-g4198be8af4 (webtiles) character file.

Game seed: 12016314151761414612

338 Zadymka the Chopper (level 6, -25/56 HPs)
             Began as a Hill Orc Fighter on May 1, 2023.
             Was an Initiate of Beogh.
             Killed by an exploding steam dragon (45 damage)
             ... ignited by their inner flame
             ... on level 5 of the Dungeon.
             The game lasted 00:30:09 (3203 turns).

Zadymka the Chopper (Hill Orc Fighter)              Turns: 3203, Time: 00:30:10

Health: -25/56     AC:  9    Str: 21    XL:     6   Next: 55%
Magic:  6/6        EV:  9    Int:  8    God:    Beogh [......]
Gold:   81         SH:  4    Dex: 10    Spells: 5/5 levels left

rFire   . . .        a - +0 war axe (heavy)
rCold   . . .        c - +0 buckler
rNeg    . . .        b - +0 scale mail
rPois   .            o - +1 helmet
rElec   .            (no cloak)
rCorr   .            (no gloves)
SInv    .            (no boots)
Will    .....        (no amulet) Stlth
                     (no ring)
HPRegen 0.29/turn    (no ring)
MPRegen 0.10/turn

%: no passive effects
@: no status effects
A: no striking features
a: Renounce Religion


You were on level 5 of the Dungeon.
You worshipped Beogh.
Beogh was noncommittal.
You visited 1 branch of the dungeon, and saw 5 of its levels.

You collected 171 gold pieces.
You spent 90 gold pieces at shops.

Inventory:

Hand Weapons
 a - a +0 heavy war axe (weapon)
 j - a +4 club
 n - a +0 short sword of draining
Missiles
 r - 2 curare-tipped darts (quivered)
Armour
 b - a +0 scale mail (worn)
 c - a +0 buckler (worn)
 o - a +1 helmet (worn)
Jewellery
 f - a ring of wizardry
Wands
 d - a wand of roots (12)
 t - a wand of polymorph (11)
Scrolls
 g - a scroll of identify
 h - a scroll of brand weapon
 i - 2 scrolls of vulnerability
 l - a scroll of noise
 m - a scroll of blinking
 p - 3 scrolls of teleportation
 s - a scroll of immolation
Potions
 e - a potion of heal wounds
 q - 2 potions of degeneration


   Skills:
 + Level 5.0 Fighting
 + Level 6.2 Axes
 + Level 1.1 Throwing
 + Level 4.3 Armour
 + Level 0.6 Dodging
 + Level 3.8 Shields


You had 5 spell levels left.
You didn't know any spells.
Your spell library was empty.

Dungeon Overview and Level Annotations

Branches:
Dungeon (5/15)
 Temple: D:4-7

Altars:
Zin


Message History

You slice the adder!!
You kill the adder!
Beogh accepts your kill.
You barely miss the adder. The adder bites you but does no damage.
The orc completely misses the adder.
The orc hits the steam dragon with a +2 hand axe of electrocution.
The steam dragon barely misses the orc.
The steam dragon claws the orc.
The adder barely misses you.
The steam dragon bites the orc!
The orc dies!
You slash the adder!
You kill the adder!
Beogh accepts your kill. The steam dragon breathes steam at you.
The ball of steam hits you!
* * * LOW HITPOINT WARNING * * *
Your Fighting skill increases to level 5!
You feel better.
You are engulfed in a cloud of scalding steam.
* * * LOW HITPOINT WARNING * * *
Really read the scroll of immolation?
As you read the scroll of immolation, it crumbles to dust.
The creatures around you are filled with an inner flame!
You are engulfed in a cloud of scalding steam.
* * * LOW HITPOINT WARNING * * *
The steam dragon bites you.
* * * LOW HITPOINT WARNING * * *
You block the steam dragon's attack.
It was a potion of heal wounds.
You feel much better.
You are engulfed in a cloud of scalding steam.
The steam dragon bites you but does no damage.
You block the steam dragon's attack.
You slash the steam dragon!
Flame seeps out of the steam dragon.
The steam dragon is almost dead.
You are engulfed in a cloud of scalding steam.
The steam dragon is engulfed in blazing flames.
Beogh accepts your kill.
The steam dragon explodes!
The fiery explosion engulfs you!!!
Ouch! That really hurt!
You die...

.##.##.......##
........#....
######.........#
##....##......>#####
#......##.#..†.)....
..§.≈≈§.#........#
.).⌠.§§§§§.........#
..≈.⌠.§§○§.##...)#..
.§§§.§.@#....#...##
#......#####....)<#####.
##....# ###.....§§§..
##### ####..##### ##.§
#.#. #.... ... ..
.......


There were no monsters in sight!

Vanquished Creatures
  A steam dragon (D:5)
  A scorpion (D:4)
  A jelly (D:4)
  An iguana (D:4)
  Ijyb (D:3)
  An orc wizard (D:3)
  Robin (D:2)
  7 adders
  A shadow imp (D:4)
  An ufetubus (D:5)
  A worm (D:2)
  A dart slug (D:3)
  6 orcs (D:3)
  3 ball pythons
  7 endoplasms
  3 giant cockroaches
  14 goblins
  7 hobgoblins
  3 jackals (D:2)
  A quokka (D:2)
  2 bats
  2 frilled lizards
  4 kobolds
  8 rats
78 creatures vanquished.

Vanquished Creatures (others)
  A hound (D:5)
  An orc priest (D:5)
  4 orcs (D:5)
6 creatures vanquished.

Grand Total: 84 creatures vanquished

Notes
Turn   | Place    | Note
-------+----------+-------------------------------------------
     0 | D:1      | Zadymka the Hill Orc Fighter began the quest for the Orb.
     0 | D:1      | Reached XP level 1. HP: 19/19 MP: 1/1
   170 | D:2      | Reached XP level 2. HP: 27/27 MP: 2/2
   178 | D:2      | You fall into a shaft and drop 2 floors!
   265 | D:4      | Reached skill level 3 in Axes
   352 | D:4      | Reached XP level 3. HP: 28/33 MP: 3/3
   598 | D:4      | Noticed a scorpion
   679 | D:3      | Reached XP level 4. HP: 40/40 MP: 4/4
   680 | D:3      | Noticed Ijyb
   691 | D:3      | HP: 3/60 [constriction (7)]
   699 | D:3      | Killed Ijyb
   700 | D:3      | Reached skill level 4 in Axes
  1128 | D:3      | Found Zin's Purification Station.
  1131 | D:3      | Found a glowing silver altar of Zin.
  1167 | D:3      | Reached skill level 5 in Axes
  1497 | D:3      | Reached XP level 5. HP: 46/46 MP: 5/5
  1943 | D:2      | Noticed Robin
  2290 | D:2      | Killed Robin
  2297 | D:2      | Reached skill level 1 in Throwing
  2774 | D:3      | Bought a potion of curing for 90 gold pieces
  2842 | D:4      | Reached XP level 6. HP: 37/53 MP: 6/6
  2952 | D:4      | Reached skill level 6 in Axes
  3057 | D:4      | Identified the +0 long sword of Heahoquwn {pain, Int+5
                  | Dex+2}
  3181 | D:5      | Entered Level 5 of the Dungeon
  3181 | D:5      | Noticed a steam dragon
  3183 | D:5      | Became a worshipper of Beogh the Brigand
  3200 | D:5      | Reached skill level 5 in Fighting
  3203 | D:5      | Killed a steam dragon
  3203 | D:5      | Killed by an exploding steam dragon... ignited by their
                  | inner flame

Illustrated notes

Levels and vault maps discovered:
D:1:      minmay_arrival_shoal_huts, layout_loops_ring,
          shapermc_ecumenical_altar_starsandcircs, corner_web_ring
D:2:      layout_basic, minmay_rat_gold_closets, uniq_robin
D:3:      layout_basic, zin_purify, uniq_ijyb
D:4:      layout_gridville
D:5:      layout_rooms, kennysheep_generic_room_3, uniq_prince_ribbit1

Skill      XL: |  1  2  3  4  5  6 |
---------------+-------------------+-----
Axes           | 3 5 6 |  6.2
Fighting       | 4 5 |  5.0
Throwing       | 1 |  1.1
Armour         | 4 |  4.3
Dodging        | |  0.6
Shields        | |  3.8

Action                     |  1- 3 |  4- 6 || total
---------------------------+-------+-------++-------
  Melee: War axe           |    59 |   156 ||   215
  Throw: Stone             |       |    29 ||    29
         Dart              |       |     7 ||     7
 Invoke: Convert to Beogh  |       |     1 ||     1
    Use: Scroll            |     2 |     9 ||    11
         Potion            |       |     6 ||     6
 Armour: Scale mail        |    46 |    85 ||   131
         Skin              |       |     9 ||     9
  Dodge: Dodged            |    34 |    74 ||   108
  Block: Buckler           |    14 |    32 ||    46

Table legend: (Time is in decaauts)
 A = Elapsed time spent in this place.
 B = Non-inter-level travel time spent in this place.
 C = Inter-level travel time spent in this place.
 D = Time resting spent in this place.
 E = Time spent auto-exploring this place.
 F = Levels seen in this place.
 G = Mean time per level.
                   A        B        C        D        E       F      G
               +--------+--------+--------+--------+--------+-----+--------+
         Total |   3279 |   3010 |    269 |    698 |   1177 |   5 |  655.8 |
       Dungeon |   3279 |   3010 |    269 |    698 |   1177 |   5 |  655.8 |
               +--------+--------+--------+--------+--------+-----+--------+

Top non-repeatable levels by time:
     D:3: 1662 daAuts
     D:4: 819 daAuts
     D:2: 768 daAuts
     D:5: 26 daAuts
     D:1: 3 daAuts
